Terret, chaotic male elven Priest ---- --..-- -- -....--.----- -- - ......../.. ...| ---- -........-- -- .... | |..| ---- ............. | ... --. ---..--- ---|..----........ ..- ...- |.... |.....(---.--....--....*| ........- ---.........................f...|.........--- --.......................%).@G...............| |....................*.............>..------ - --.... --.............-----........h..- ---- ---.....--.|.-- ---..........| --..-------- --..--.--.-- ---- |..| -- -- |..| ---- Terret the Adept Experience level: 6 Strength: 14 Dexterity: 12 Constitution: 10 Intelligence: 9 Wisdom: 20 Charisma: 9 Health: 0(41) Energy: 25(86) Def: 8 Gold: 0 Moves: 2041 Dungeon seed: JjohiFO28pfHiCwE Game ID: Terret_1614724056 Your Inventory: Weapons a - a blessed +1 mace (weapon in hand) E - 7 blessed +4 ya P - 13 blessed +0 arrows (in quiver) Q - 10 +0 arrows R - a +0 bow (alternate weapon; not wielded) Armor e - a +0 robe (being worn) n - a +0 small shield (being worn) r - a +0 pair of speed boots (being worn) y - a blessed +3 orcish helm (being worn) Comestibles c - a clove of garlic d - 3 sprigs of wolfsbane m - 3 food rations A - 2 slime molds M - a lembas wafer Wands F - a wand of digging (0:4) U - a wand of probing (0:6) Tools j - a tin whistle o - a skeleton key u - a skeleton key W - a sack Gems q - a worthless piece of red glass z - 2 worthless pieces of green glass N - a worthless piece of white glass Y - 2 agate stones Contents of the sack: 1003 gold pieces a blessed scroll of destroy armor a scroll of earth a cursed scroll of fire a cursed scroll of teleportation a spellbook of healing a spellbook of light a spellbook of protection a spellbook of remove curse a spellbook of restore ability a spellbook of wizard lock a potion of extra healing 5 potions of holy water a potion of object detection a cursed potion of paralysis a cursed potion of sickness 5 potions of water a magic marker (0:39) an oil lamp (0:1054) a cursed opal 2 topaz stones 2 worthless pieces of blue glass a worthless piece of violet glass a cursed worthless piece of violet glass Spells and supernatural/magical abilities: Name Level Category Fail Memory l - light 1 divination 0% 90% r - remove curse 3 clerical 0% 99% w - wizard lock 2 matter 20% 97% S - stone to flesh 3 healing 57% 90% W - pray for help -- divine ? -- X - turn undead -- divine ? -- Your skills at the end: Fighting Skills Weapon Skills mace [Basic] Spellcasting Skills clerical spells [Basic] Final Attributes: You were piously aligned. You were sleep resistant. You had infravision. You were very fast. You are dead. Vanquished creatures: a ghost 2 gnome kings a gnome lord a red naga hatchling 3 giant ants a kitten 3 dwarves a kobold lord a giant bat a werejackal 2 killer bees an acid blob a coyote a hobbit a hobgoblin 4 giant rats a cave spider 12 gnomes a gecko 10 jackals 2 foxes 3 goblins 9 grid bugs 2 lichens a kobold zombie 3 newts 69 creatures vanquished. Voluntary challenges: You used a wielded weapon 84 times, starting on turn 2. You read items or engraved 20 times, starting on turn 633. You never genocided any monsters. You never polymorphed an object. You never changed form. You used no wishes. You never split a pudding. You never wrote Elbereth's name. You never violated your personal moral code. Dungeon overview: The Dungeons of Doom: levels 1 to 5 Level 1 a fountain a long staircase Level 2 a general store Level 3 Level 4 stairs to The Gnomish Mines Level 5 an altar to Amaterasu Omikami, a fountain The Gnomish Mines: levels 5 to 7 Level 5 stairs to The Dungeons of Doom Level 6 Level 7 <- You were here History has recorded: On T:1 you entered the Dungeons of Doom to retrieve the Amulet of Yendor! On T:453 you reached level 2 of The Dungeons of Doom. On T:698 you advanced to experience level 2. On T:702 you reached level 3 of The Dungeons of Doom. On T:918 you advanced to experience level 3. On T:948 you reached level 4 of The Dungeons of Doom. On T:1241 you reached level 5 of The Dungeons of Doom. On T:1534 you advanced to experience level 4. On T:1589 you reached level 1 of The Gnomish Mines. On T:1631 you advanced to experience level 5. On T:1822 you reached level 2 of The Gnomish Mines. On T:1882 you advanced to experience level 6. On T:1999 you reached level 3 of The Gnomish Mines. Score breakdown: Gold: 1003 (10210 points) Experience: 6 levels (12456 points) Exploration: 7 levels ( 13.46%) (10289 points) Discoveries: 19 items ( 6.64%) ( 7732 points) Valuables value: (no points given unless you survive) Artifact value: 0 ( 0 points) Variety of kills: 26 monsters ( 6.82%) ( 7836 points) Turncount: 2041 turns ( -30 points) Survival: died (score multiplied by 80%) Total score: 38794 Latest messages: The dwarf thrusts her dagger. The dwarf hits! You miss the dwarf. The gnome lord hits! You miss the dwarf. (2x) The dwarf thrusts her dagger. The dwarf hits! The gnome lord hits! You hit the dwarf. You miss the dwarf. The dwarf thrusts her dagger. The dwarf hits! The gnome lord hits! The kitten bites! (2x) The kitten devours a tripe ration. The kitten misses the gnome lord. (2x) The kitten bites the gnome lord. The gnome lord misses the kitten. You hit the gnome lord! The kitten misses the gnome lord. The gnome lord hits! You die... Final status: Goodbye Terret the Priest, killed by a gnome lord... You died in The Gnomish Mines on dungeon level 7 with 38794 points, and 1003 pieces of gold, after 2041 moves. You were level 6 with a maximum of 41 hit points when you died.